 Dungeon Crawl Stone Soup version 0.18-a0-1507-g69458e0 (webtiles) character file.

148 GrosslyIncandescent the Insei (level 5, -6/41 HPs)
             Began as a Mummy Monk on Mar 5, 2016.
             Mangled by a centaur skeleton (7 damage)
             ... on level 1 of the Dungeon.
             The game lasted 00:03:35 (7928 turns).

GrosslyIncandescent the Insei (Mummy Monk)          Turns: 7928, Time: 00:03:35

Health: -6/41      AC:  0    Str: 15    XL:     5   Next: 8%
Magic:  5/5        EV: 13    Int:  9    God:
Gold:   59         SH:  0    Dex: 15    Spells: 0 memorised, 4 levels left

rFire  x . .     SeeInvis .       - Unarmed
rCold  + . .     Gourm    .     (no armour)
rNeg   + + +     Faith    .     (no shield)
rPois  ∞         Spirit   .     (no helmet)
rElec  .         Dismiss  .     (no cloak)
rCorr  .         Reflect  .     (no gloves)
SustAt .         Harm     .     (no boots)
MR     .....                    (no amulet)
Stlth  ++........               (no ring)
                                (no ring)

@: not resistant to hostile enchantments, unstealthy
A: no food or potions, fire vulnerability, cold resistance 1, negative energy
resistance 3, torment resistance, unbreathing
a: no special abilities


You were on level 1 of the Dungeon.
You were not hungry.

You visited 1 branch of the dungeon, and saw 1 of its levels.

You collected 59 gold pieces.


Innate Abilities, Weirdness & Mutations

You do not eat or drink.
Your flesh is vulnerable to fire.
You are immune to poison.
Your flesh is cold resistant.
You are immune to negative energy.
You are immune to unholy pain and torment.
You can survive without breathing.


   Skills:
 + Level 3.0 Fighting
 - Level 2.4 Dodging
 - Level 1.5 Stealth
 - Level 5.3 Unarmed Combat


You had 4 spell levels left.
You didn't know any spells.

Inventory:

Scrolls
 a - a scroll of identify {unknown}
 b - a scroll of enchant weapon {unknown}

Dungeon Overview and Level Annotations

Branches:
Dungeon (1/15)

Altars:

............▒▒▒..▒).▒▒▒.▒...)▒▒▒▒
.▒▒....▒▒▒.....)........▒.▒....▒▒
▒▒▒.........▒▒▒..▒..▒▒...........
▒..............▒......▒.▒▒!....
▒▒...▒▒▒..▒▒▒▒!▒..▒▒..▒.▒....▒▒
▒▒▒▒...▒ ▒...................▒▒▒▒
.......▒ ▒..▒▒▒.▒▒.▒▒▒..▒..▒▒▒▒..
..▒▒...▒ ▒....▒.▒▒.▒▒▒..▒........
..▒▒...▒ ▒▒.....M...▒▒..▒.▒.▒▒...
.......▒▒▒▒....Z.▒.▒▒▒..▒.▒.▒▒...
.................▒.▒▒▒..▒.▒.▒▒▒▒.
................)................
▒▒.▒▒▒▒▒▒▒▒.▒▒▒.▒▒...............
▒▒.▒ ▒.▒ ▒.▒▒.▒....▒▒▒.▒▒▒▒. ▒▒.▒
▒.▒ ▒.▒▒.▒....▒▒▒'▒▒▒▒. ▒▒.▒
▒.▒▒▒.▒▒.▒....▒.....▒▒. ...▒
▒.............▒........


You could see a centaur skeleton.


Message History

The centaur skeleton misses you!
You pummel the centaur skeleton but do no damage!
The centaur skeleton hits you!
You pound the centaur skeleton into fine dust!
The centaur skeleton hits you!
You squash the centaur skeleton like an ant!
The centaur skeleton hits you!!!
You are too injured to fight recklessly!!!
You are too injured to fight recklessly!!!
You are too injured to fight recklessly!!!
You pummel the centaur skeleton like a punching bag!
The centaur skeleton hits you! * * * don't die
* * * The centaur skeleton hits you! * * * don't die
* * * You pummel the centaur skeleton like a punching bag!
The centaur skeleton hits you!!! * * * don't die
* * * You pulverise the centaur skeleton!!!
The centaur skeleton misses you!
You pound the centaur skeleton into fine dust!
The centaur skeleton barely misses you!
You pummel the centaur skeleton like a punching bag!!!
The centaur skeleton completely misses you!
You pummel the centaur skeleton like a punching bag!
The centaur skeleton hits you! * * * don't die
* * * The centaur skeleton hits you!!! * * * don't die
* * * You pulverise the centaur skeleton!
The centaur skeleton hits you!!! rip

Action                   |  1- 3 |  4- 6 || total
-------------------------+-------+-------++-------
Melee: Unarmed           |   185 |    23 ||   208
 Stab: Sleeping          |     6 |       ||     6
       Distracted        |       |     1 ||     1

Vault maps used:
D:1:      eino_arrival_druids_welcome, minmay_misc_feat_roman,
          minmay_misc_feat_x

Notes
Turn   | Place    | Note
--------------------------------------------------------------
     0 | D:1      | GrosslyIncandescent the Mummy Monk began the quest for the Orb.
     0 | D:1      | Reached XP level 1. HP: 18/18 MP: 1/1
   277 | D:1      | Reached XP level 2. HP: 22/24 MP: 2/2
   876 | D:1      | Reached skill level 4 in Unarmed Combat
  1166 | D:1      | Reached XP level 3. HP: 29/29 MP: 3/3
  6350 | D:1      | Noticed an ogre
  6377 | D:1      | Killed an ogre
  6377 | D:1      | Reached skill level 5 in Unarmed Combat
  6377 | D:1      | Reached XP level 4. HP: 30/35 MP: 4/4
  6377 | D:1      | Reached XP level 5. HP: 35/41 MP: 5/5
  7927 | D:1      | HP: 1/41 [centaur skeleton (8)]
  7928 | D:1      | Mangled by a centaur skeleton

Vanquished Creatures
  An ogre (D:1)
  3 oozes (D:1)
  A dart slug (D:1)
  3 giant geckos (D:1)
  A ball python (D:1)
  4 goblins (D:1)
  4 hobgoblins (D:1)
  6 jackals (D:1)
  10 bats (D:1)
  A giant newt (D:1)
  10 kobolds (D:1)
  5 rats (D:1)
49 creatures vanquished.
